 Dungeon Crawl Stone Soup version 0.28.0-53-g5a82cb258f (webtiles) character file.

Game seed: 2150761540538674072

58 Sin92 the Skirmisher (level 4, -6/35 HPs)
             Began as a Djinni Fighter on June 30, 2022.
             Mangled by Sigmund
             ... wielding a +0 scythe
              (9 damage)
             ... on level 2 of the Dungeon.
             The game lasted 00:01:17 (1238 turns).

Sin92 the Skirmisher (Djinni Fighter)               Turns: 1238, Time: 00:01:17

Health: -6/35      AC: 11    Str: 17    XL:     4   Next: 21%
Gold:   32         EV:  5    Int: 10    God:
                   SH:  4    Dex: 12

rFire   + + .      SeeInvis .   a - +0 flail
rCold   x . .      Faith    .   c - +0 buckler
rNeg    . . .      Spirit   .   g - +0 plate armour
rPois   ∞          Reflect  .   (no helmet)
rElec   .          Harm     .   (no cloak)
rCorr   .          Rampage  .   (no gloves)
Will    .....                   (boots unavailable)
Stlth   ..........              (no amulet)
HPRegen 0.11/turn               (no ring)
MPRegen 0.00/turn               (no ring)

@: mighty, weak-willed, flying
A: sickness immunity, fire resistance 2, cold vulnerability 1, float, innate
caster, HP casting, extra vitality 1
a: no special abilities


You were on level 2 of the Dungeon.
You visited 1 branch of the dungeon, and saw 2 of its levels.

You collected 32 gold pieces.

Inventory:

Hand Weapons
 a - a +0 flail (weapon)
Armour
 b - a +0 scale mail
 c - a +0 buckler (worn)
 g - a +0 plate armour (worn)
Wands
 f - a wand of flame (13)
Scrolls
 h - 2 scrolls of identify {unknown}
 i - a scroll of vulnerability
Potions
 e - a potion of heal wounds {unknown}


   Skills:
 + Level 3.3 Fighting
 * Level 2.3 Maces & Flails
 + Level 3.2 Armour
 + Level 1.0 Dodging
 + Level 3.2 Shields
 + Level 0.5 Spellcasting


You had 3 spell levels left.
You knew the following spells:

 Your Spells              Type           Power      Damage    Failure   Level
a - Pain                  Necr           4%         1d4       100%        1
Your spell library was empty.


Dungeon Overview and Level Annotations

Branches:
Dungeon (2/15)

Altars:

Annotations:
D:2 Sigmund


Innate Abilities, Weirdness & Mutations

You are immune to sickness and miasma.
You are immune to poison.
Your flesh is very heat resistant. (rF++)
You are vulnerable to cold. (rC-)
You float through the air rather than walking.
You learn spells naturally, not from books.
Your magical power is your life essence.
You have superior vitality. (+4 MHP)


Message History

There are monsters nearby!
You are too injured to fight recklessly!
Unknown command.
There are monsters nearby!
You feel very mighty all of a sudden.
Sigmund mumbles some strange words.
Sigmund flickers and vanishes!
Deactivating autopickup; reactivate with Ctrl-A.
The goblin hits you but does no damage.
You miss something. Something hits you. The goblin hits you but does no damage.
A dart slug comes into view.
You closely miss something. The goblin hits you but does no damage.
Something hits you but does no damage. The dart slug launches a dart at you.
The slug dart hits something.
The goblin hits you but does no damage.
You closely miss something.
You hear a zap.
A puff of flame appears from out of thin air!
The puff of flame hits you but does no damage.
You resist. The goblin hits you but does no damage.
You closely miss something. Something hits you!
* * * LOW HITPOINT WARNING * * *
The goblin hits you but does no damage. The dart slug launches a dart at you.
The slug dart hits you but does no damage.
You aren't carrying any pieces of jewellery.
As you read the scroll labelled MATASTY VODOJU, it crumbles to dust.
Magic quickly surges around you.
It was a scroll of vulnerability.
The goblin hits you with a +0 club.
* * * LOW HITPOINT WARNING * * *
You block something's attack. The dart slug launches a dart at you.
The slug dart hits you but does no damage.
You closely miss something. The goblin hits you but does no damage.
You hear some strange, mumbled words.
A magic dart appears from out of thin air!
The magic dart hits you but does no damage.
The goblin hits you but does no damage.
You sock something! Something hits you!
You die...

#.........###.#.######
#..........##..##
#.....#.#..##.##
##...##.##)...#
######.......#
###...### #...# #...#
#@..# #{g.# #w.[#
....[. .......
.......... #....#.##.
#....#.#


You could see a dart slug (weak-willed) and a goblin (weak-willed).

Vanquished Creatures
  Terence (D:2)
  A dart slug (D:1)
  3 bats (D:1)
  3 endoplasms (D:1)
  3 giant cockroaches (D:1)
  2 goblins (D:1)
  3 hobgoblins
  3 kobolds (D:1)
  5 ball pythons (D:1)
  A frilled lizard (D:1)
  2 rats (D:1)
27 creatures vanquished.

Notes
Turn   | Place    | Note
-------+----------+-------------------------------------------
     0 | D:1      | Sin92 the Djinni Fighter began the quest for the Orb.
     0 | D:1      | Reached XP level 1. HP: 20/20 MP: 0/0
   256 | D:1      | Reached XP level 2. HP: 25/25 MP: 0/0
   353 | D:1      | Reached XP level 3. HP: 22/30 MP: 0/0
   353 | D:1      | Learned a level 1 spell: Pain
   886 | D:2      | Noticed Terence
   898 | D:2      | Killed Terence
   899 | D:2      | Reached skill level 1 in Dodging
   899 | D:2      | Reached XP level 4. HP: 10/35 MP: 0/0
  1224 | D:2      | Noticed Sigmund
  1238 | D:2      | Mangled by Sigmund

Illustrated notes

Levels and vault maps discovered:
D:1:      matt_arrival_grand_opening, layout_loops_ring
D:2:      layout_loops_cross, uniq_sigmund, uniq_terence

Skill      XL: |  1  2  3 |
---------------+----------+-----
Maces & Flails | 2 |  2.3
Dodging        | 1 |  1.0
Fighting       | |  3.3
Armour         | |  3.2
Shields        | |  3.2
Spellcasting   | |  0.5

Action                   |  1- 3 |  4- 6 || total
-------------------------+-------+-------++-------
Melee: Flail             |    82 |     9 ||    91
  Use: Potion            |     1 |     1 ||     2
       Scroll            |       |     1 ||     1
Armor: Scale mail        |     7 |       ||     7
       Plate armour      |    45 |    13 ||    58
Dodge: Dodged            |    17 |       ||    17
Block: Buckler           |    16 |     1 ||    17
